[Event "*** Titled Tuesday Blitz"]
[Site "Chess.com"]
[Date "2020.04.21"]
[Round "1"]
[White "sergiochess83"]
[Black "MasterKroket"]
[Result "1-0"]
[WhiteElo "2817"]
[BlackElo "2430"]
[TimeControl "180+1"]
[EndTime "10:07:42 PDT"]
[Termination "sergiochess83 won on time"]

1. e4 c5 2. Nf3 e6 3. d4 cxd4 4. Nxd4 Nc6 5. Nc3 Qc7 6. g3 a6 7.
Bg2 d6 8. Nxc6 bxc6 9. O-O Be7 10.
Na4 Nf6 11. b3 O-O 12. c4 Nd7 13. Bf4 c5 14. e5 dxe5 15. Bxe5 Nxe5 16. Bxa8 Rd8 17.
Qe2 Nc6 18. Bxc6 Qxc6 19. Rad1 Rd4 20. Rxd4 cxd4 21. f3 Bb7 22. Nb2 Bg5 23. Qe5 Be3+ 24. Kg2 f6 25. Qb8+ Kf7 26. Nd3 g5 27. Nc5 Ba8 28.
Qa7+ Kg6 29. Nxe6 Qxe6 30. Qxa8 f5 31. Qd5 Qb6 32. g4 f4 33. h4 gxh4 34. Kh3 Qb4 35. Qf5+ Kg7 36. Qc2 Qd6 37. c5 Qd5 38. c6 d3 39.
Qc3+ Bd4 40. Qxd3 Qc5 41. c7 Be5 42. Qd7+ 1-0

[Event "*** Titled Tuesday Blitz"]
[Site "Chess.com"]
[Date "2020.04.21"]
[Round "1"]
[White "viditchess"]
[Black "ama18"]
[Result "1-0"]
[WhiteElo "2955"]
[BlackElo "2466"]
[TimeControl "180+1"]
[EndTime "10:07:43 PDT"]
[Termination "viditchess won by resignation"]

1. d4 Nf6 2. c4 e6 3. Nf3 a6 4. g3 b5 5. b3 c5 6. d5 Bb7 7.
dxe6 dxe6 8. Qxd8+ Kxd8 9. Bg2 Nbd7 10. O-O h6 11. Nc3 bxc4 12. bxc4 Kc7 13. Rd1 Bd6 14. Ng5 Be5 15. Bxb7 Kxb7 16. Rb1+ Kc7 17. Nxf7 Bxc3 18. Nxh8 Rxh8 19. Rd3 Be5 20. Be3 Rb8 21. Rxb8 Kxb8 22. Kg2 Kc7 23. Ra3 Kb7 24. f4 Bd6 25. Kf3 Nb6 26.
Rc3 Kc6 27. Bc1 Nfd7 28. e4 a5 29. e5 Be7 30. h4 Nb8 31. h5 Na6 32. a3 Nc7 33. g4 Na4 34. Rc2 Nb6 35. Ke4 Na6 36. f5 exf5+ 37. gxf5 Nb8 38. Rg2 Bf8 39. Rg6+ Kc7 40.
f6 gxf6 41. Rxf6 Be7 42. Rxh6 Nxc4 43. Rg6 Nc6 44. h6 N4xe5 45. Bf4 Bd6 46. Rg7+ Kb6 47.
h7 1-0

[Event "*** Titled Tuesday Blitz"]
[Site "Chess.com"]
[Date "2020.04.21"]
[Round "1"]
[White "Stormeman100100"]
[Black "Sychev_Klementy"]
[Result "0-1"]
[WhiteElo "2445"]
[BlackElo "2855"]
[TimeControl "180+1"]
[EndTime "10:07:44 PDT"]
[Termination "Sychev_Klementy won by resignation"]

1. e4 e5 2. Nf3 Nc6 3. Bc4 Nf6 4. d3 Bc5 5. c3 O-O 6. O-O d5 7. exd5 Nxd5 8. a4 a5 9. Nbd2 Nb6 10. Bb5 Bd6 11.
Ne4 Bg4 12. h3 Bh5 13. Bg5 f6 14. Be3 f5 15. Nxd6 Qxd6 16. Qb3+ Kh8 17. Nd2 Nd5 18. Nc4 Qe7 19. Bxc6 bxc6 20. Rfe1 Qf6 21. Bc5 Rfe8 22. Qc2 Bf7 23. d4 e4 24. Ne5 Bh5 25. g4 fxg4 26.
hxg4 Bxg4 27. Qxe4 Bh5 28. Qg2 h6 29. Qh2 Nf4 30. Re3 Ne2+ 31. Kh1 Rxe5 32. dxe5 Bf3+ 33. Rxf3 Qxf3+ 34. Qg2 Qh5+ 35. Qh2 Qf7 36. f4 Nxf4 37.
Be3 Nd3 38. Rg1 Re8 39. Bxh6 Qf3+ 40. Rg2 Nf2+ 41. Kg1 Nh3+ 42. Kh1 Qf1+ 43. Rg1 Qxg1+ 44. Qxg1 Nxg1 45. Bf4 Nf3 0-1

[Event "*** Titled Tuesday Blitz"]
[Site "Chess.com"]
[Date "2020.04.21"]
[Round "1"]
[White "aNaartjieZA"]
[Black "lifeissofun"]
[Result "0-1"]
[WhiteElo "2579"]
[BlackElo "2276"]
[TimeControl "180+1"]
[EndTime "10:07:44 PDT"]
[Termination "lifeissofun won by resignation"]

1. e4 c5 2. Nf3 d6 3. g3 Nf6 4.
d3 a6 5. Bg2 Nc6 6. O-O e6 7. Re1 g6 8. a4 Bg7 9. c3 O-O 10. Nbd2 Qc7 11. d4 cxd4 12. cxd4 Rd8 13. Nf1 Bd7 14. Bg5 h6 15. Bxf6 Bxf6 16. Qd2 Kh7 17. Ne3 e5 18. d5 Na5 19. Qd3 b5 20. Rec1 Qb6 21. b4 Nb7 22. a5 Qa7 23. Bf1 Rac8 24.
h3 Qb8 25. Qd2 Bg7 26. Kh2 Rxc1 27. Rxc1 Rc8 28. Rxc8 Qxc8 29. h4 f5 30. exf5 gxf5 31. Ne1 Bf6 32. Bd3 Nd8 33. Qc2 e4 34. Qxc8 Bxc8 35. Be2 Bc3 36. N1c2 Nf7 37. f4 exf3 38. Bxf3 Ne5 39. Be2 Kg6 40. Ng2 Ng4+ 41. Kg1 Bd2 42. Bxg4 fxg4 43. Kf2 Kf5 44. Nge3+ Ke4 45. Nxg4 Bxg4 0-1

[Event "*** Titled Tuesday Blitz"]
[Site "Chess.com"]
[Date "2020.04.21"]
[Round "1"]
[White "RiskyDecision"]
[Black "quesfr"]
[Result "1-0"]
[WhiteElo "2557"]
[BlackElo "2191"]
[TimeControl "180+1"]
[EndTime "10:07:46 PDT"]
[Termination "RiskyDecision won on time"]

1. d4 d5 2. c4 e6 3. Nf3 Nf6 4.
g3 Bb4+ 5. Bd2 Bd6 6. Bg2 c6 7. O-O Nbd7 8. Qc2 O-O 9. Bg5 h6 10. Bxf6 Nxf6 11. Nbd2 Re8 12. e4 dxe4 13. Nxe4 Nxe4 14. Qxe4 c5 15. Rfd1 cxd4 16. Rxd4 Qc7 17. Rad1 Bc5 18. R4d2 f6 19. Nd4 Bd7 20. Nb5 Bxb5 21.
cxb5 Rab8 22. Rd7 Qb6 23. Qg6 Re7 24. Rxe7 Bxe7 25. Rd7 Bf8 26. Qf7+ Kh8 27. Rxb7 Rxb7 28. Qxf8+ Kh7 29. Be4+ f5 30. Bxb7 Qxb7 31. Qc5 Qe4 32. a3 Qb1+ 33. Kg2 Qxb2 34. a4 Qb1 35. Qxa7 Qe4+ 36. f3 Qc2+ 37. Qf2 Qxa4 38. Qb2 Qa7 39. b6 Qb7 40. Kf2 Kg6 41. Qb5 Kf6 42. Qc5 Qa6 43. Qd4+ Kg6 44. Qb2 1-0

[Event "*** Titled Tuesday Blitz"]
[Site "Chess.com"]
[Date "2020.04.21"]
[Round "1"]
[White "Kimster98"]
[Black "tgpgoat"]
[Result "1-0"]
[WhiteElo "2551"]
[BlackElo "2169"]
[TimeControl "180+1"]
[EndTime "10:07:46 PDT"]
[Termination "Kimster98 won by resignation"]

1. d4 Nf6 2. Bf4 d5 3. e3 c5 4. c3 Nc6 5. Nd2 Qb6 6. Qb3 c4 7.
Qc2 g6 8. b3 Bf5 9. Qc1 cxb3 10. axb3 Bg7 11. Ngf3 O-O 12. h3 Rac8 13. Qb2 Nd7 14.
g4 Be4 15. Nxe4 dxe4 16. Nd2 e5 17. Nc4 Qd8 18. Bg3 exd4 19. cxd4 Nb4 20. Bd6 Nc5 21.
Bxc5 Rxc5 22. Qd2 Nc6 23. dxc5 Bxa1 24. Bg2 Qe7 25. Nd6 Rd8 26. O-O Be5 27. Qd5 Bxd6 28. cxd6 Rxd6 29. Qxe4 Qxe4 30. Bxe4 b6 31. Rc1 Ne5 32. f4 Nd7 33. b4 Re6 34. Bc6 Nf6 35. Kf2 Ne4+ 36. Ke2 Nf6 37. Kf3 h5 38. b5 hxg4+ 39.
hxg4 Kg7 40. Ra1 Re7 41. g5 Nh7 42. e4 Nf8 43. Kg4 f6 44. gxf6+ Kxf6 45. e5+ Kg7 46. Rd1 Ne6 47. Rd6 Nc5 48. f5 gxf5+ 49. Kxf5 Nd3 50.
Rxd3 Rf7+ 51. Kg5 Re7 52. Rd7 Kf8 53. Kf6 Rxd7 54. Bxd7 a5 55. bxa6 1-0

[Event "*** Titled Tuesday Blitz"]
[Site "Chess.com"]
[Date "2020.04.21"]
[Round "1"]
[White "KingChess345"]
[Black "Karacsonyi_Gellert"]
[Result "1-0"]
[WhiteElo "2088"]
[BlackElo "2496"]
[TimeControl "180+1"]
[EndTime "10:07:46 PDT"]
[Termination "KingChess345 won by checkmate"]

1. d4 Nf6 2. Nf3 d5 3. g3 e6 4. Bg2 Be7 5. O-O O-O 6. c4 dxc4 7.
Qc2 a6 8. Qxc4 b5 9. Qc2 Bb7 10. Bf4 Bd6 11. Nbd2 Nbd7 12. Nb3 Rc8 13. Rac1 Be4 14.
Qd2 Bxf4 15. gxf4 Qe7 16. Ne5 Bxg2 17. Kxg2 Nxe5 18. fxe5 Nh5 19. Nc5 Qh4 20. Rc3 Nf4+ 21. Kh1 f6 22. Rg3 fxe5 23. dxe5 Rcd8 24. Qe3 Rf5 25.
Rfg1 g6 26. Rg4 Qh6 27. Ne4 Rdf8 28. Nf6+ Kh8 29. R1g3 Rd8 30. Rg1 Rf8 31. Rc1 Rf7 32. Rd1 Rf8 33. Rd7 R5xf6 34. exf6 Qh3 35. Qxf4 e5 36. Qg3 Qf1+ 37. Qg1 Qxe2 38. Rh4 h5 39. Qxg6 Qf3+ 40. Qg2 Qxg2+ 41. Kxg2 Rxf6 42. Rxh5+ Kg8 43. Rxe5 Rg6+ 44. Kf1 Rc6 45. Re8# 1-0

[Event "*** Titled Tuesday Blitz"]
[Site "Chess.com"]
[Date "2020.04.21"]
[Round "1"]
[White "Piotrek1979"]
[Black "GMHess"]
[Result "0-1"]
[WhiteElo "2449"]
[BlackElo "2865"]
[TimeControl "180+1"]
[EndTime "10:07:47 PDT"]
[Termination "GMHess won on time"]

1. e4 g6 2. d4 Bg7 3. Nf3 a6 4. a4 d6 5. h3 e6 6. Nc3 Ne7 7.
Be3 Nd7 8. Qd2 h6 9. a5 Nc6 10. d5 exd5 11. exd5 Ne7 12. Nd4 Nf6 13. Bc4 Nf5 14.
Nxf5 Bxf5 15. O-O-O h5 16. Kb1 Qd7 17. Bd4 O-O-O 18.
Rhe1 Bh6 19. Qe2 Rhe8 20. Qf3 Nh7 21. Bd3 Bxd3 22. Qxd3 Bg5 23. b4 Bf6 24. b5 axb5 25. Bxf6 Nxf6 26. Qd4 Rxe1 27. Rxe1 Re8 28. Rd1 Qf5 29. Qa7 Qf4 30. Rd4 Re1+ 31. Kb2 Qc1+ 32. Kb3 Qa1 33. Qa8+ Kd7 34. Qxb7 Rb1+ 35. Nxb1 Qxb1+ 36. Kc3 Qa1+ 37. Kd3 Qd1+ 38. Ke3 Qe1+ 39. Kf3 Qxa5 40.
Qc6+ Kd8 41. Kf4 Nd7 42. Kg5 Ne5 43. Qb7 Qc3 44. Re4 f6+ 0-1

[Event "*** Titled Tuesday Blitz"]
[Site "Chess.com"]
[Date "2020.04.21"]
[Round "1"]
[White "DmitryMaximov"]
[Black "almaguerjm"]
[Result "1/2-1/2"]
[WhiteElo "2645"]
[BlackElo "2330"]
[TimeControl "180+1"]
[EndTime "10:07:47 PDT"]
[Termination "Game drawn by repetition"]

1. e4 e5 2. Nf3 Nc6 3. Bb5 a6 4. Ba4 Nf6 5. O-O Be7 6. Re1 O-O 7. Bxc6 dxc6 8. Nxe5 Re8 9. d3 Bc5 10. Nf3 Ng4 11. Be3 Nxe3 12. fxe3 Qf6 13. Nc3 Bg4 14. h3 Bh5 15. Qe2 Rad8 16. Rf1 Qh6 17. Rae1 b5 18. Kh1 Bg6 19. Nd1 Bb4 20. c3 Bd6 21. Nf2 Bg3 22. Rd1 c5 23. Ng4 Qh5 24. Nfh2 c4 25. Rf5 Bxf5 26. Nf6+ gxf6 27. Qxh5 Bg6 28. Qf3 Bxh2 29. Kxh2 cxd3 30. Rd2 Kg7 31. Qg3 Re5 32. b4 Rd6 33. Kg1 Rxe4 34. Kf2 Rc4 35. Qf3 Rxc3 36. e4 Rd4 37. g4 Rxe4 38. h4 Rc2 39. Rxc2 dxc2 40. g5 fxg5 41. Qc3+ Kf8 42. hxg5 Rc4 43. Qh8+ Ke7 44.
Qe5+ Kd8 45. Qd5+ Kc8 46. Qa8+ Kd7 47. Qd5+ Ke8 48. Qe5+ Kf8 49. Qh8+ Ke7 50. Qe5+ Kd7 51. Qd5+ Kc8 52. Qa8+ Kd7 53. Qd5+ 1/2-1/2

[Event "*** Titled Tuesday Blitz"]
[Site "Chess.com"]
[Date "2020.04.21"]
[Round "1"]
[White "talaicito"]
[Black "doons21"]
[Result "0-1"]
[WhiteElo "2282"]
[BlackElo "2614"]
[TimeControl "180+1"]
[EndTime "10:07:47 PDT"]
[Termination "doons21 won by resignation"]

1. d4 Nf6 2. Nc3 d5 3. Bf4 c6 4.
e3 Qb6 5. Rb1 Bg4 6. f3 Bf5 7.
g4 Bg6 8. h4 h6 9. h5 Bh7 10. Bd3 Bxd3 11. Qxd3 Qa6 12. Qxa6 Nxa6 13. a3 e6 14. Nge2 Kd7 15. Kf2 Bd6 16. Kg3 c5 17.
Bxd6 Kxd6 18. e4 dxe4 19. fxe4 cxd4 20. Nxd4 Rhd8 21. Rhf1 Ke7 22. Rbd1 Nc5 23. e5 Nfe4+ 24. Nxe4 Nxe4+ 25. Kf4 Nc5 26. b4 Na4 27. c4 a6 28.
Rd2 Rac8 29. c5 Rd7 30. Rfd1 Nc3 31. Rc1 Nb5 32. Rcd1 Rcd8 33. Ke3 Nxa3 34. Rc1 Nb5 35. Rc4 Rxd4 36. Rcxd4 Rxd4 37. Rxd4 Nxd4 38. Kxd4 Kd7 39. Kc4 Kc6 40. Kd4 Kb5 41. Kc3 a5 42. bxa5 Kxc5 43. Kd3 Kb5 44. Kd4 Kxa5 45. Kc5 b5 46. Kd6 b4 47.
Ke7 b3 48. Kxf7 b2 49. Kxe6 b1=Q 50. Kf7 Qb7+ 51. Kg6 Qe4+ 52. Kxg7 Qxg4+ 53. Kxh6 Kb6 54. e6 Kc7 55. e7 Kd7 56. Kh7 Kxe7 57. h6 Kf8 0-1

[Event "*** Titled Tuesday Blitz"]
[Site "Chess.com"]
[Date "2020.04.21"]
[Round "1"]
[White "Sammed_Shete"]
[Black "YaWaleriy"]
[Result "1/2-1/2"]
[WhiteElo "2572"]
[BlackElo "2235"]
[TimeControl "180+1"]
[EndTime "10:07:47 PDT"]
[Termination "Game drawn by agreement"]

1. e4 e6 2. d4 d5 3. Nd2 c5 4.
Ngf3 Nf6 5. exd5 exd5 6. Bb5+ Bd7 7. Be2 Be7 8. dxc5 Bxc5 9. Nb3 Bb6 10. O-O O-O 11. Bg5 Nc6 12. c3 Be6 13. Bd3 Bg4 14. Re1 Qd6 15. Bh4 Rfe8 16. Bg3 Qd7 17. Be2 Ne4 18. Qd3 Bf5 19. Qd1 Nxg3 20. hxg3 Qd6 21. Nbd4 Bg4 22. Qd2 Rad8 23. Rad1 Bxf3 24. Bxf3 Nxd4 25.
cxd4 g6 26. Re2 Rxe2 27. Qxe2 Qb4 28. a3 Qd6 29. Qe5 Qxe5 30. dxe5 Bc7 31. Bxd5 Kg7 32. f4 b6 33. Kf1 h5 34. Ke2 Bb8 35. Kf3 Kf8 36. Ke4 Ke7 37. Rc1 Rd7 38. Rc6 Rc7 39. Rxc7+ Bxc7 40. b4 a5 41. Bc6 axb4 42. axb4 f6 43.
exf6+ Kxf6 44. Bd7 Bd6 45. b5 Bc5 46. g4 hxg4 47. Bxg4 g5 48. f5 Bg1 49. Bh5 Bc5 50. g4 Bb4 51. Kd5 Bc5 52. Be8 Bg1 53. Bd7 Bf2 54. Be6 Bg1 55. Kc6 Bf2 56. Kd7 Bg1 57. Kd6 Bf2 58. Kc7 Bg1 59. Kd7 Bf2 60. Kd6 Bg1 61.
Kc7 Bf2 1/2-1/2

[Event "*** Titled Tuesday Blitz"]
[Site "Chess.com"]
[Date "2020.04.21"]
[Round "1"]
[White "albano87"]
[Black "KazakhFighter04"]
[Result "0-1"]
[WhiteElo "2364"]
[BlackElo "2703"]
[TimeControl "180+1"]
[EndTime "10:07:49 PDT"]
[Termination "KazakhFighter04 won on time"]

1. d4 Nf6 2. Nf3 g6 3. g3 Bg7 4. Bg2 O-O 5. O-O d6 6. a4 Nc6 7. Re1 e5 8. d5 Ne7 9. e4 h6 10. h3 Nh7 11. Be3 f5 12. exf5 Nxf5 13. Qd2 Nxe3 14. Qxe3 a5 15. Nbd2 Bf5 16. c3 b6 17.
Kh2 Rf7 18. Nh4 Qf6 19. Rf1 Raf8 20. Nxf5 gxf5 21. f4 Re7 22. fxe5 dxe5 23. Rae1 e4 24. Qf4 Qd6 25. Qxd6 cxd6 26. Nc4 Be5 27. Nxb6 Rg7 28.
Re3 Rf6 29. Nc4 f4 30. Rxe4 fxg3+ 31. Kg1 Rxf1+ 32. Kxf1 Ng5 33. Rg4 h5 34. Rh4 Rf7+ 35.
Kg1 Bf4 36. Rxh5 Re7 37. Bf1 Kg7 38. h4 Nf3+ 39. Kg2 Ne1+ 40. Kg1 Re4 41. Nxa5 Rxa4 42. Nc6 Ra2 43. Nd4 Rxb2 44. Ne6+ Kg8 0-1

[Event "*** Titled Tuesday Blitz"]
[Site "Chess.com"]
[Date "2020.04.21"]
[Round "1"]
[White "tonyq11"]
[Black "Kouzari"]
[Result "0-1"]
[WhiteElo "2239"]
[BlackElo "2590"]
[TimeControl "180+1"]
[EndTime "10:07:49 PDT"]
[Termination "Kouzari won on time"]

1. d4 Nf6 2. c4 e6 3. Nc3 c5 4. d5 exd5 5. cxd5 d6 6. e4 g6 7. Nf3 Bg7 8. h3 O-O 9. Bd3 b5 10. O-O a6 11. a3 Nbd7 12. Bf4 c4 13. Bc2 Nc5 14. Re1 Bb7 15. Qd2 Re8 16. Rad1 Qb6 17. Nd4 Rad8 18. Kh1 Nfd7 19. Bg5 Rc8 20. f4 Nf6 21. Bh4 Nh5 22. Bf2 Qc7 23. g4 Nf6 24. Kh2 Nfd7 25. Bg3 Qb6 26. Bf2 Qc7 27. Bg3 Qb6 28.
Bf2 Re7 29. Bh4 Rce8 30. Re2 Bf6 31. Bf2 Qc7 32. Rde1 h6 33. Bg3 Bg7 34. Nf3 Qb6 35.
e5 dxe5 36. fxe5 a5 37. e6 Nf8 38. exf7+ Kxf7 39. Qf4+ Qf6 40. Qxf6+ Bxf6 41. d6 Rxe2+ 42. Rxe2 Rxe2+ 43. Nxe2 Bxf3 44. Bf2 Bxe2 45. Bxc5 Bd3 46.
Bd1 Be5+ 47. Kg1 Ne6 48. Bb6 Bd4+ 49. Bxd4 Nxd4 0-1

[Event "*** Titled Tuesday Blitz"]
[Site "Chess.com"]
[Date "2020.04.21"]
[Round "1"]
[White "Megagigahiper3345"]
[Black "Qingdom"]
[Result "1-0"]
[WhiteElo "2560"]
[BlackElo "2198"]
[TimeControl "180+1"]
[EndTime "10:07:49 PDT"]
[Termination "Megagigahiper3345 won by resignation"]

1. d4 d5 2. c4 e6 3. Nc3 c5 4. cxd5 exd5 5. e3 Nc6 6. Bb5 Nf6 7. Nge2 Be7 8. O-O O-O 9. dxc5 Bxc5 10. a3 a6 11. Bd3 Ne5 12. Bc2 b5 13. Nd4 Bb7 14.
b3 Rc8 15. Bb2 Qb6 16. Bf5 Rcd8 17. Nce2 Ne4 18. f3 Nf6 19. Rc1 Rfe8 20. Qd2 a5 21. Qc2 Bf8 22. Qc7 Qa7 23. Kh1 Bd6 24. Qc2 Qb6 25.
Qd2 a4 26. f4 Neg4 27. Rf3 Ne4 28. Bxe4 dxe4 29. Rg3 Nf6 30. b4 Bf8 31. Rg5 Bd5 32. Ng3 Bc4 33. Ngf5 g6 34. Qf2 Kh8 35. Qh4 gxf5 36.
Nxf5 Rd5 37. Bxf6+ Qxf6 38. Rg8+ Kxg8 39. Qxf6 Red8 40.
h3 Rd1+ 41. Rxd1 Rxd1+ 42. Kh2 Rd5 43. Ne7+ Bxe7 44. Qxe7 Kg7 45. f5 Rxf5 46. Qxe4 Kg6 47. g4 Be6 48. gxf5+ Bxf5 49. Qc6+ f6 50. Qxb5 Bc2 51.
Qe8+ Kg7 52. b5 Be4 53. Qxe4 1-0

[Event "*** Titled Tuesday Blitz"]
[Site "Chess.com"]
[Date "2020.04.21"]
[Round "1"]
[White "robertofabregas"]
[Black "IMAghasiyevKamal"]
[Result "0-1"]
[WhiteElo "2116"]
[BlackElo "2520"]
[TimeControl "180+1"]
[EndTime "10:07:49 PDT"]
[Termination "IMAghasiyevKamal won by resignation"]

1. d4 Nf6 2. Bf4 g6 3. e3 Bg7 4. Nf3 O-O 5. h4 c5 6. c3 Qb6 7.
Qb3 Qxb3 8. axb3 d6 9. Nbd2 Nc6 10. Be2 b6 11. Ng5 Bb7 12. Bf3 a6 13. h5 cxd4 14.
exd4 e5 15. dxe5 dxe5 16. Be3 b5 17. hxg6 hxg6 18. O-O-O Na5 19. Bxb7 Nxb7 20. Rh4 Nd5 21. Nf1 Rad8 22. Ng3 Nxe3 23. fxe3 Rxd1+ 24. Kxd1 Nc5 25. Kc2 Bf6 26. Rg4 Rd8 27. N3e4 Nxe4 28. Nxe4 Be7 29.
Rg3 Kg7 30. Rh3 f5 31. Nf2 e4 32. Rh1 Bc5 33. Re1 Kf6 34. Re2 Rh8 35. Nh3 g5 36. b4 Be7 37. b3 Kg6 38. c4 Bxb4 39. Kb2 bxc4 40. bxc4 Bc5 41. Kc3 Rb8 42. Ng1 a5 43. Rb2 Rxb2 44. Kxb2 Bxe3 45. Ne2 f4 46. Kc3 Kf5 47.
c5 Bxc5 48. Kd2 Kg4 49. Ke1 f3 50. gxf3+ exf3 51. Nc3 Bb4 52. Kd2 Bxc3+ 53. Kxc3 f2 0-1

[Event "*** Titled Tuesday Blitz"]
[Site "Chess.com"]
[Date "2020.04.21"]
[Round "1"]
[White "icychess54"]
[Black "Sashadav97"]
[Result "0-1"]
[WhiteElo "2190"]
[BlackElo "2556"]
[TimeControl "180+1"]
[EndTime "10:07:51 PDT"]
[Termination "Sashadav97 won by resignation"]

1. c4 e5 2. Nc3 Bb4 3. Qc2 Nc6 4. Nf3 d6 5. e3 Bxc3 6. Qxc3 Nge7 7. Be2 O-O 8. O-O f5 9. b4 Qe8 10. b5 Nd8 11. a4 Be6 12. Ba3 b6 13. d4 e4 14. Nd2 Nf7 15. c5 Nd5 16. Qc2 Qe7 17. Rfc1 Rac8 18. Bc4 Kh8 19. Qb3 c6 20. bxc6 Nc7 21.
d5 bxc5 22. dxe6 Ng5 23. Rd1 f4 24. exf4 Rxf4 25. Qg3 Rcf8 26. Rf1 Ngxe6 27. Bxe6 Qxe6 28. Bb2 Qe7 29. Rfe1 d5 30. f3 R4f7 31. fxe4 d4 32. Nf3 h6 33. e5 Qe6 34. Rad1 Kh7 35. Qh4 Qg6 36. Qe4 Qxe4 37. Rxe4 Ne6 38. Ba3 Rc7 39.
Nd2 Rxc6 40. Nc4 Rb8 41. Ree1 Rb3 42. Rb1 Rc3 43. Rec1 Rd3 44. Rb5 Ra6 45. Na5 Rxa3 46. Rcxc5 Nxc5 47. Rxc5 Rxa4 48. Nc6 d3 49. e6 d2 50. Rd5 Ra1+ 0-1

[Event "*** Titled Tuesday Blitz"]
[Site "Chess.com"]
[Date "2020.04.21"]
[Round "1"]
[White "Vice64"]
[Black "Angelos_Zonarios"]
[Result "1-0"]
[WhiteElo "2516"]
[BlackElo "2107"]
[TimeControl "180+1"]
[EndTime "10:07:51 PDT"]
[Termination "Vice64 won on time"]

1. e4 c5 2. Nf3 d6 3. Bb5+ Nd7 4. c3 Nf6 5. Qe2 a6 6. Ba4 b5 7. Bc2 e5 8. d4 Be7 9. O-O Qc7 10. a4 Rb8 11. Na3 c4 12. Bd2 O-O 13. b3 cxb3 14. Bxb3 exd4 15. cxd4 b4 16. Nc2 d5 17.
exd5 Re8 18. Ne3 Bf8 19. Rac1 Qb7 20. Qc4 Nb6 21. Qc6 Rd8 22. Ne5 Nbxd5 23. Nxd5 Nxd5 24. Bg5 f6 25. Bf4 fxe5 26. Bxe5 Qxc6 27. Rxc6 Ra8 28.
Rfc1 Bf5 29. f3 Kh8 30. g4 Bg6 31. f4 Nc3 32. Re1 Be8 33. Rb6 Nxa4 34. Rb7 Nc3 35. h4 Bc6 36. Rf7 Bd5 37. Bxd5 Nxd5 38. h5 h6 39. g5 Kg8 40. Rb7 a5 41. gxh6 gxh6 42.
Kh2 Ne7 43. Bf6 Nf5 44. Rg1+ Ng7 45. Bxg7 Bxg7 46. Rgxg7+ Kf8 47. Rh7 Kg8 48. Rhg7+ Kf8 49. f5 b3 50. Rh7 Kg8 51. f6 1-0

[Event "*** Titled Tuesday Blitz"]
[Site "Chess.com"]
[Date "2020.04.21"]
[Round "1"]
[White "Jungle_Jaguar"]
[Black "abubakrtagelsir"]
[Result "1-0"]
[WhiteElo "2661"]
[BlackElo "2335"]
[TimeControl "180+1"]
[EndTime "10:07:53 PDT"]
[Termination "Jungle_Jaguar won on time"]

1. e4 d6 2. d4 Nf6 3. Nc3 g6 4. Nf3 Bg7 5. Be3 c6 6. Qd2 b5 7. a3 O-O 8. Bh6 Nbd7 9. h4 e5 10. O-O-O Qe7 11. dxe5 Nxe5 12. Bxg7 Nxf3 13. gxf3 Kxg7 14.
Qxd6 Qxd6 15. Rxd6 Bb7 16. e5 Nh5 17. Rd7 Bc8 18. Rc7 a6 19. Bd3 Re8 20. Be4 Rxe5 21. Bxc6 Rb8 22. Ne4 h6 23. Rd1 Nf4 24. Bd7 Bb7 25.
Bc6 Bxc6 26. Rxc6 a5 27. Rd7 Rf8 28. Rcc7 Ne6 29. Ra7 Rf5 30. Rxa5 Rxf3 31. Rxb5 Nf4 32. a4 Re8 33. Rb4 Ne6 34. Kb1 Rh3 35. a5 Ra8 36.
Nd6 Rf3 37. Rb5 Rxf2 38. c3 Rf1+ 39. Ka2 Nf8 40. Re7 1-0

[Event "*** Titled Tuesday Blitz"]
[Site "Chess.com"]
[Date "2020.04.21"]
[Round "1"]
[White "SHIVACalypso"]
[Black "Joshukid"]
[Result "0-1"]
[WhiteElo "2217"]
[BlackElo "2576"]
[TimeControl "180+1"]
[EndTime "10:07:53 PDT"]
[Termination "Joshukid won by resignation"]

1. Nf3 c5 2. c4 Nc6 3. g3 g6 4. Bg2 Bg7 5. O-O e6 6. Nc3 Nge7 7. d3 O-O 8. e4 d5 9. cxd5 exd5 10. Bd2 Bg4 11.
h3 dxe4 12. dxe4 Be6 13. Be3 Nd4 14. Ng5 Bc4 15. Re1 Qa5 16. Nf3 Rad8 17. Bxd4 cxd4 18. Qa4 Qxa4 19. Nxa4 d3 20. Nd2 b5 21. Nc3 Be6 22.
Rac1 b4 23. Na4 Bxa2 24. Bf1 Be6 25. Re3 Bh6 26. f4 Bg7 27. Bxd3 Bd4 28. Kf2 Bxe3+ 29. Kxe3 Bxh3 30. Nc5 Rfe8 31. Nc4 Nf5+ 32. Kf2 Nd6 33.
Ne5 Be6 34. Nxe6 Rxe6 35. Bb1 Rde8 36. Rd1 f6 37. Ba2 fxe5 38. Bxe6+ Rxe6 39. f5 gxf5 40.
exf5 Nxf5 41. Rd8+ Kf7 42. Rd7+ Re7 43. Rd5 Ke6 44. Rb5 Nd6 45. Rxb4 Rb7 46. Ra4 Rxb2+ 47.
Kf3 e4+ 48. Ke3 Rb3+ 49. Kf4 Rf3+ 50. Kg4 Rf7 51. Ra6 e3 0-1

[Event "*** Titled Tuesday Blitz"]
[Site "Chess.com"]
[Date "2020.04.21"]
[Round "1"]
[White "kleopl"]
[Black "NDePinEsPeRG"]
[Result "1/2-1/2"]
[WhiteElo "2461"]
[BlackElo "2868"]
[TimeControl "180+1"]
[EndTime "10:07:54 PDT"]
[Termination "Game drawn by repetition"]

1. c4 Nf6 2. Nc3 g6 3. g3 Bg7 4. Bg2 O-O 5. e4 e5 6. Nge2 d6 7. d3 c6 8. O-O a6 9. h3 b5 10. b3 Nbd7 11. Be3 Bb7 12. Rc1 Re8 13. Qd2 b4 14. Nd1 a5 15. f4 c5 16. f5 a4 17.
g4 axb3 18. axb3 Ra3 19. g5 Nh5 20. f6 Bf8 21. Rb1 Nb8 22. Bf3 Bc8 23. Kh2 Nc6 24.
Bxh5 gxh5 25. Ng3 Nd4 26. Bxd4 exd4 27. Nxh5 Qd7 28. Rf3 Re5 29. Nf2 Qa7 30. Ng3 Ra2 31.
Qc1 Qa3 32. Qf4 Rb2 33. Rxb2 Qxb2 34. Nf5 Bxf5 35. exf5 Qxb3 36. Ng4 Re2+ 37. Kg3 Qd1 38. Kh4 b3 39. Nh6+ Bxh6 40. gxh6 Qe1+ 41. Rg3+ Kf8 42. Qxd6+ Ke8 43. Kg4 Re3 44. Rxe3+ Qxe3 45. Qb8+ Kd7 46. Qb7+ Kd6 47. Qd5+ Kc7 48. Qxc5+ Kb7 49. Qb5+ Ka7 50. Qxb3 Qe2+ 51. Kg3 Qe3+ 52. Kg2 Qe2+ 53. Kg1 Qe1+ 54.
Kg2 Qe2+ 55. Kg1 Qe1+ 56. Kg2 Qe2+ 1/2-1/2

[Event "*** Titled Tuesday Blitz"]
[Site "Chess.com"]
[Date "2020.04.21"]
[Round "1"]
[White "pooh2012"]
[Black "Camels1981"]
[Result "1/2-1/2"]
[WhiteElo "2497"]
[BlackElo "2048"]
[TimeControl "180+1"]
[EndTime "10:07:54 PDT"]
[Termination "Game drawn by repetition"]

1. Nf3 g6 2. h4 h6 3. d4 Bg7 4. c3 Nf6 5. Bf4 b6 6. a4 Bb7 7.
Nbd2 d6 8. a5 c5 9. e3 O-O 10.
Qc2 Nbd7 11. Be2 Re8 12. Nc4 Qc7 13. axb6 axb6 14. O-O e5 15. dxe5 dxe5 16. Rxa8 Bxa8 17. Bh2 Qc6 18. Rd1 e4 19. Nfe5 Qe6 20. Rd6 Qe7 21.
Qd2 Nxe5 22. Nxe5 Nd5 23. Nc6 Bxc6 24. Rxc6 Rd8 25. Bc4 Nb4 26. Rd6 Nd3 27. Rxd8+ Qxd8 28. f3 Qxh4 29. fxe4 Nxb2 30. Bd5 Na4 31. e5 c4 32.
e4 Nc5 33. Bf4 Nd3 34. g3 Qe7 35. Bxc4 Nxe5 36. Be2 Qc5+ 37. Be3 Qc6 38. Qd5 Qxc3 39. Bf2 Qc2 40. Bd1 Qc1 41. Kg2 h5 42. Bxb6 h4 43.
gxh4 Qf4 44. Bf2 Ng4 45. Bxg4 Qxg4+ 46. Bg3 Qe2+ 47. Kh3 Qf1+ 48. Kh2 Qe2+ 49. Kh3 Qf3 50. Kh2 Bf6 51. e5 Qe2+ 52. Kh3 Be7 53. Qd7 Qf1+ 54.
Kh2 Qe2+ 55. Kh3 Qf1+ 56. Kh2 Qe2+ 57. Kh3 1/2-1/2

[Event "*** Titled Tuesday Blitz"]
[Site "Chess.com"]
[Date "2020.04.21"]
[Round "1"]
[White "Grieve72"]
[Black "Rainmond"]
[Result "0-1"]
[WhiteElo "2376"]
[BlackElo "2716"]
[TimeControl "180+1"]
[EndTime "10:07:55 PDT"]
[Termination "Rainmond won on time"]

1. d4 g6 2. e4 Bg7 3. Nf3 e6 4. Bd3 Ne7 5. O-O O-O 6. Re1 d6 7.
Nbd2 a6 8. Nf1 Nd7 9. Ng3 c5 10. c3 b5 11. a4 b4 12. Bf4 Qc7 13.
h4 h6 14. Qd2 Kh7 15. h5 e5 16. dxe5 Nxe5 17. hxg6+ N7xg6 18. Nxe5 dxe5 19. Be3 Rd8 20.
Qe2 Kg8 21. Nh5 Be6 22. cxb4 cxb4 23. Bxa6 Nf4 24. Bxf4 exf4 25. Rac1 Qb6 26. Bb5 Be5 27. Rc6 Qd4 28. Rxe6 fxe6 29. Qg4+ Kh7 30. Qxe6 Qd6 31.
Qf5+ Kh8 32. Bc4 Rf8 33. Bf7 Ra7 34. Qe6 Raxf7 35. Qxd6 Bxd6 0-1